 Dungeon Crawl Stone Soup version 0.21-a0-50-g941c862 (webtiles) character file.

12 Hook the Covered (level 2, -1/19 HPs)
             Began as a Gargoyle Fighter on May 19, 2017.
             Slain by a kobold
             ... wielding a +0 club
              (3 damage)
             ... on level 2 of the Dungeon on June 27, 2017.
             The game lasted 00:01:40 (895 turns).

Hook the Covered (Gargoyle Fighter)                  Turns: 895, Time: 00:01:41

Health: -1/19      AC:  9    Str: 19    XL:     2   Next: 33%
Magic:  2/2        EV:  7    Int:  8    God:
Gold:   0          SH:  9    Dex:  9    Spells: 1/1 levels left

rFire    . . .     SeeInvis .   a - +0 flail
rCold    . . .     Gourm    .   c - +0 shield
rNeg     + . .     Faith    .   b - +0 scale mail
rPois    ∞         Spirit   .   (no helmet)
rElec    +         Reflect  .   (no cloak)
rCorr    .         Harm     .   (no gloves)
MR       .....                  (no boots)
Stlth    ..........             (no amulet)
Regen    0.1/turn               (no ring)
MPRegen  0.1/turn               (no ring)

@: no status effects
A: negative energy resistance 1, electricity resistance, unbreathing,
petrification resistance, rot immunity, AC +2
a: no special abilities


You were on level 2 of the Dungeon.
You were not hungry.

You visited 1 branch of the dungeon, and saw 2 of its levels.

Inventory:

Hand Weapons
 a - a +0 flail (weapon)
Armour
 b - a +0 scale mail (worn)
 c - a +0 shield (worn)
Jewellery
 j - a cursed amulet of harm {unknown}
Scrolls
 h - a scroll of random uselessness {unknown}
Potions
 d - a potion of might
 e - a potion of curing {unknown}
Comestibles
 f - a bread ration
 g - a meat ration
 i - a royal jelly


   Skills:
 + Level 3.4 Fighting
 + Level 2.0 Maces & Flails
 + Level 3.5 Armour
 + Level 0.1 Dodging
 + Level 3.5 Shields


You had one spell level left.
You didn't know any spells.

Dungeon Overview and Level Annotations

Branches:
Dungeon (2/15)

Altars:


Innate Abilities, Weirdness & Mutations

You are resistant to torment.
Your stone body is resilient. (AC +2)
You are immune to poison.
You resist negative energy. (rN+)
You are resistant to electric shocks. (rElec)
You can survive without breathing.
You are immune to petrification.
You are immune to rotting.


Message History

The kobold closely misses you. The goblin hits you.
The kobold hits you but does no damage. You block the goblin's attack.
The kobold hits you but does no damage. You block the goblin's attack.
You block the kobold's attack. The goblin hits you but does no damage.
The kobold hits you but does no damage. The goblin hits you but does no damage.
The kobold barely misses you. The goblin hits you but does no damage.
The worm bites you. The goblin barely misses you.
You block the kobold's attack. You block the goblin's attack.
The worm bites you but does no damage. You block the kobold's attack.
The goblin hits you but does no damage. The kobold hits you but does no damage.
The worm bites you. The goblin hits you but does no damage.
The kobold hits you but does no damage. The goblin barely misses you.
The worm bites you. The kobold hits you but does no damage.
You block the goblin's attack. The kobold closely misses you.
You block the goblin's attack. The worm bites you!
* * * LOW HITPOINT WARNING * * *
The kobold hits you with a club.
You die...

#...# #...# #...# #...#
#...# #...# ###### #...#
#######.....
#.g.###.....†.....
#@K.....#####.....
......w.#.$..##........#
.....##.####.#..........
.... ... .............
... .... ##............
.. ...... .............
# . ..#....
............. #.###
#......###...##...# ...
##.. #.#####...


You could see a worm, a goblin and a kobold.

Vanquished Creatures
  An adder (D:2)
  A goblin (D:1)
  A hobgoblin (D:2)
  A bat (D:1)
4 creatures vanquished.

Notes
Turn   | Place    | Note
-------+----------+-------------------------------------------
     0 | D:1      | Hook the Gargoyle Fighter began the quest for the Orb.
     0 | D:1      | Reached XP level 1. HP: 14/14 MP: 1/1
     1 | D:1      | Upgraded the game from 0.20-b1 to 0.21-a0-50-g941c862
   865 | D:2      | Reached XP level 2. HP: 13/19 MP: 2/2
   895 | D:2      | Slain by a kobold

Vault maps used:
D:1:      evilmike_arrival_crescent
D:2:      chequers_ecumenical_altar_simple_redux

Action                   || total
-------------------------++-------
Melee: Flail             ||    15
Armor: Scale mail        ||    28
Dodge: Dodged            ||    18
Block: Shield            ||    26
